Panthers vs Red Wings

Created - 23 mars 2017 at 00:08

Goals
1 2 3 T
Panthers 1 3 1 5
Red Wings 0 3 0 3
Shots
1 2 3 T
Panthers 8 17 3 28
Red Wings 6 17 9 32

1st period

1. Panthers , Brendan Smith 6 (Shawn Horcoff, Jeff Tambellini) at 19:19

Penalties :
Mike Richards (Det) for Hooking (Minor) at 8:09, Steve Montador (Flo) for Hooking (Minor) at 12:47

2nd period

2. Panthers , Guillaume Latendresse 36 (Steve Montador, Loui Eriksson) at 0:10
3. Red Wings , Phil Kessel 29 (Mike Richards) at 0:28
4. Panthers , Marian Hossa 23 (Scott Gomez) at 2:55
5. Red Wings , Mike Richards 32 (Rick Nash, Phil Kessel) at 6:42
6. Red Wings , Adam Henrique 11 (Tyler Johnson) at 12:08
7. Panthers , Scott Gomez 27 (Sergei Samsonov, Marian Hossa) at 15:44

Penalties :
No Penalty

3rd period

8. Panthers , Guillaume Latendresse 37 (Loui Eriksson, Sidney Crosby) at 9:35

Penalties :
Brendan Smith (Flo) for High sticking (Minor) at 3:42, Peter Prucha (Flo) for Hooking (Minor) at 12:08

Goalie Stats

Keith Kinkaid (Flo), 29 saves from 32 shots - (0,906), W, 5-3-0, 60:00 minutes
Michal Neuvirth (Det), 23 saves from 28 shots - (0,821), L, 27-18-7, 60:00 minutes

Players Stats for Panthers

Player Name              G  A  P  +/- PIM S  H  SB GA TA FO     MP     PP MP  PK MP  
------------------------------------------------------------------------------------
Alexander Perezhogin     0  0  0   0  0   1  2  0  0  0  0/0    11:37   0:00   0:00 
Brad Stuart              0  0  0   0  0   1  0  1  0  1  0/0    15:30   0:00   1:58 
Brendan Smith            1  0  1   2  2   1  2  2  0  1  0/0    25:58   1:13   2:13 
Guillaume Latendresse    2  0  2   0  0   3  0  0  0  1  1/1    21:12   1:03   2:16 
Jeff Tambellini          0  1  1   1  0   5  3  0  0  0  0/0    12:27   0:00   1:51 
Keith Aulie              0  0  0   0  0   0  1  0  0  1  0/0    19:46   0:46   2:59 
Loui Eriksson            0  2  2   0  0   1  1  1  0  1  0/0    19:06   1:03   0:00 
Marian Hossa             1  1  2   1  0   7  1  0  1  0  0/0    13:46   0:56   0:00 
Matthew Spiller          0  0  0   0  0   1  1  3  1  2  0/0    19:22   0:46   2:59 
Mike Fisher              0  0  0   0  0   0  1  1  0  0  2/5    12:07   0:00   0:22 
Nick Schultz             0  0  0   0  0   1  1  0  0  0  0/0    13:32   0:00   0:00 
Peter Prucha             0  0  0   1  2   0  0  0  0  0  0/0     9:31   0:00   0:00 
Ryan Bayda               0  0  0   0  0   4  0  0  0  0  0/1    12:28   0:00   1:29 
Scott Gomez              1  1  2   1  0   1  2  1  0  1  6/18   15:30   0:56   1:50 
Sergei Samsonov          0  1  1   1  0   1  0  0  0  0  0/1    15:30   0:56   1:50 
Shawn Horcoff            0  1  1   1  0   1  1  0  0  0  3/4     9:33   0:00   0:00 
Sidney Crosby            0  1  1   0  0   0  2  0  0  1  14/27  21:13   1:03   2:16 
Steve Montador           0  1  1   2  2   0  4  1  1  1  0/0    25:52   1:13   1:45 

Players Stats for Red Wings

Player Name              G  A  P  +/- PIM S  H  SB GA TA FO     MP     PP MP  PK MP  
------------------------------------------------------------------------------------
Adam Henrique            1  0  1   1  0   1  1  0  0  0  0/0    11:05   0:00   0:00 
Ales Hemsky              0  0  0   1  0   0  1  1  0  0  0/0    12:22   0:45   0:00 
Alex Picard              0  0  0   0  0   0  0  0  1  1  0/0     7:46   0:31   0:00 
Chris Campoli            0  0  0   0  0   0  1  0  0  0  0/0    13:08   0:00   0:00 
Filip Kuba               0  0  0   0  0   3  0  3  0  0  0/0    21:13   3:02   0:00 
Jiri Fischer             0  0  0   0  0   1  0  1  1  0  0/0    17:56   0:00   0:46 
Marc Savard              0  0  0  -2  0   4  1  0  2  0  11/16  16:54   2:48   0:00 
Mike Brown               0  0  0   0  0   2  0  0  0  0  1/1     7:26   0:23   0:00 
Mike Richards            1  1  2  -1  2   4  3  0  0  0  10/25  22:54   2:24   0:00 
Nate Thompson            0  0  0   0  0   0  2  0  0  0  1/1     6:42   0:22   0:00 
Ole-Kristian Tollefsen   0  0  0  -2  0   3  0  0  0  0  0/0    24:52   2:55   1:13 
Phil Kessel              1  1  2  -1  0   4  0  0  1  1  2/3    22:12   2:24   0:00 
Rick Nash                0  1  1  -1  0   6  4  0  2  0  0/2    23:44   2:38   0:59 
Sean Bergenheim          0  0  0  -2  0   1  1  1  0  1  1/1    17:25   2:48   1:00 
Shea Weber               0  0  0  -2  0   1  1  2  0  0  0/0    24:52   2:55   1:13 
Steve Downie             0  0  0  -2  0   2  4  0  2  0  0/0    17:23   2:48   0:59 
Tim Ramholt              0  0  0   0  0   0  0  2  0  0  0/0    13:55   0:00   0:46 
Tyler Johnson            0  1  1   1  0   0  0  0  1  0  5/8    16:11   3:02   1:00 

3 Stars

1 - Scott Gomez (Flo)
2 - Guillaume Latendresse (Flo)
3 - Marian Hossa (Flo)

Power Play

Panthers - 0 on 1 Attempt(s) - 0,00%
Red Wings - 0 on 3 Attempt(s) - 0,00%

Penalty Kill

Panthers - 3 on 3 Attempt(s) - 100,00% - Score 0 goal in Penalty Kill
Red Wings - 1 on 1 Attempt(s) - 100,00% - Score 0 goal in Penalty Kill

Team Stat

Panthers - Hits : 22 - Faceoff Wins : 26 - Blocked Shots : 10 - Penalty Minutes : 6
Red Wings - Hits : 19 - Faceoff Wins : 31 - Blocked Shots : 10 - Penalty Minutes : 2

Official

Referees : Jackson Dave and Dwyer Gord
Linesman : Jonny Murray and Tim Nowak

Game Notes

No Game Note

Finance

Level 1 -- Attendance: 5549 (92,48%) -- Ticket Income 416 175 $
Level 2 -- Attendance: 4516 (90,32%) -- Ticket Income 216 768 $
Level 3 -- Attendance: 1822 (91,10%) -- Ticket Income 51 016 $
Level 4 -- Attendance: 3699 (92,48%) -- Ticket Income 73 980 $
Luxury Box -- Attendance: 922 (92,20%) -- Ticket Income 142 910 $
Game was played at the Joe Louis Arena.
Total Attendance: 16508 (91,71%)
Total Ticket Income: 900 849 $
Other Income: 135 127 $
Total Income: 1 035 976 $

Panthers

5 vs 5 Forward 
   Center                   Left Wing                Right Wing               Time % Phy DF OF 
 1 Sidney Crosby            Guillaume Latendresse    Loui Eriksson            40     0   2  3  
 2 Scott Gomez              Sergei Samsonov          Marian Hossa             30     0   2  3  
 3 Shawn Horcoff            Jeff Tambellini          Peter Prucha             20     1   2  2  
 4 Mike Fisher              Ryan Bayda               Alexander Perezhogin     10     1   2  2  

5 vs 5 Defense 
   Defense                  Defense                                           Time % Phy DF OF 
 1 Steve Montador           Brendan Smith                                     40     0   2  3  
 2 Matthew Spiller          Keith Aulie                                       30     0   2  3  
 3 Brad Stuart              Nick Schultz                                      20     1   2  2  
 4 Steve Montador           Brendan Smith                                     10     0   2  3  

PowerPlay Forward 
   Center                   Left Wing                Right Wing               Time % Phy DF OF 
 1 Sidney Crosby            Guillaume Latendresse    Loui Eriksson            60     1   0  4  
 2 Scott Gomez              Sergei Samsonov          Marian Hossa             40     1   0  4  

PowerPlay Defense
   Defense                  Defense                                           Time % Phy DF OF 
 1 Steve Montador           Brendan Smith                                     60     1   1  3  
 2 Matthew Spiller          Keith Aulie                                       40     1   1  3  

Penalty Kill 4 Players Forward 
   Center                   Wing                     Time % Phy DF OF 
 1 Sidney Crosby            Guillaume Latendresse    60     1   3  1  
 2 Scott Gomez              Sergei Samsonov          40     1   3  1  

Penalty Kill 4 Players Defense
   Defense                  Defense                  Time % Phy DF OF 
 1 Steve Montador           Brendan Smith            60     1   4  0  
 2 Matthew Spiller          Keith Aulie              40     1   3  1  

Penalty Kill - 3 Players Forward 
   Forward                                           Time % Phy DF OF 
 1 Scott Gomez                                       60     1   3  1  
 2 Sidney Crosby                                     40     1   3  1  

Penalty Kill - 3 Players Defense
   Defense                  Defense                  Time % Phy DF OF 
 1 Steve Montador           Brendan Smith            60     1   3  1  
 2 Matthew Spiller          Keith Aulie              40     1   3  1  

4 vs 4 Forward 
   Center                   Wing                     Time % Phy DF OF 
 1 Sidney Crosby            Guillaume Latendresse    60     0   2  3  
 2 Scott Gomez              Marian Hossa             40     0   2  3  

4 vs 4 Defense
   Defense                  Defense                  Time % Phy DF OF 
 1 Steve Montador           Brendan Smith            60     0   2  3  
 2 Matthew Spiller          Keith Aulie              40     1   2  2  

Last Minutes Offensive
   Center                   Left Wing                Right Wing               Defense                  Defense                  
   Sidney Crosby            Guillaume Latendresse    Marian Hossa             Steve Montador           Brendan Smith            

Last Minutes Defensive
   Center                   Left Wing                Right Wing               Defense                  Defense                  
   Scott Gomez              Guillaume Latendresse    Loui Eriksson            Brendan Smith            Steve Montador           

Goaltenders
Starting : Keith Kinkaid            
Backup : Antti Niemi              

Extra Forwards
Normal : Scott Gomez, Guillaume Latendresse, Marian Hossa - PP : Scott Gomez, Ryan Bayda - PK : Ryan Bayda
Extra Defensemen
Normal : Keith Aulie, Brendan Smith, Steve Montador - PP : Keith Aulie - PK : Brendan Smith, Steve Montador
Penalty Shots
Sidney Crosby, Sergei Samsonov, Peter Prucha, Marian Hossa, Jeff Tambellini

Red Wings

5 vs 5 Forward 
   Center                   Left Wing                Right Wing               Time % Phy DF OF 
 1 Mike Richards            Rick Nash                Phil Kessel              40     0   2  3  
 2 Marc Savard              Sean Bergenheim          Steve Downie             30     0   2  3  
 3 Tyler Johnson            Adam Henrique            Ales Hemsky              20     0   3  2  
 4 Nate Thompson            Alex Picard              Mike Brown               10     1   2  2  

5 vs 5 Defense 
   Defense                  Defense                                           Time % Phy DF OF 
 1 Shea Weber               Ole-Kristian Tollefsen                            40     0   3  2  
 2 Jiri Fischer             Filip Kuba                                        35     0   3  2  
 3 Chris Campoli            Tim Ramholt                                       15     1   3  1  
 4 Chris Campoli            Tim Ramholt                                       10     1   3  1  

PowerPlay Forward 
   Center                   Left Wing                Right Wing               Time % Phy DF OF 
 1 Mike Richards            Rick Nash                Phil Kessel              60     0   1  4  
 2 Marc Savard              Sean Bergenheim          Steve Downie             40     0   1  4  

PowerPlay Defense
   Defense                  Defense                                           Time % Phy DF OF 
 1 Shea Weber               Ole-Kristian Tollefsen                            60     0   2  3  
 2 Filip Kuba               Tyler Johnson                                     40     0   2  3  

Penalty Kill 4 Players Forward 
   Center                   Wing                     Time % Phy DF OF 
 1 Tyler Johnson            Sean Bergenheim          50     1   2  2  
 2 Rick Nash                Steve Downie             50     1   2  2  

Penalty Kill 4 Players Defense
   Defense                  Defense                  Time % Phy DF OF 
 1 Shea Weber               Ole-Kristian Tollefsen   50     1   2  2  
 2 Jiri Fischer             Tim Ramholt              50     1   2  2  

Penalty Kill - 3 Players Forward 
   Forward                                           Time % Phy DF OF 
 1 Tyler Johnson                                     60     1   2  2  
 2 Steve Downie                                      40     1   2  2  

Penalty Kill - 3 Players Defense
   Defense                  Defense                  Time % Phy DF OF 
 1 Shea Weber               Ole-Kristian Tollefsen   50     1   2  2  
 2 Jiri Fischer             Tim Ramholt              50     1   2  2  

4 vs 4 Forward 
   Center                   Wing                     Time % Phy DF OF 
 1 Mike Richards            Rick Nash                60     1   2  2  
 2 Marc Savard              Sean Bergenheim          40     1   2  2  

4 vs 4 Defense
   Defense                  Defense                  Time % Phy DF OF 
 1 Shea Weber               Ole-Kristian Tollefsen   60     1   2  2  
 2 Jiri Fischer             Filip Kuba               40     1   2  2  

Last Minutes Offensive
   Center                   Left Wing                Right Wing               Defense                  Defense                  
   Mike Richards            Rick Nash                Phil Kessel              Shea Weber               Ole-Kristian Tollefsen   

Last Minutes Defensive
   Center                   Left Wing                Right Wing               Defense                  Defense                  
   Tyler Johnson            Rick Nash                Steve Downie             Shea Weber               Ole-Kristian Tollefsen   

Goaltenders
Starting : Michal Neuvirth          
Backup : Mike McKenna             

Extra Forwards
Normal : Rick Nash, Marc Savard, Tyler Johnson - PP : Steve Downie, Ales Hemsky - PK : Mike Brown
Extra Defensemen
Normal : Shea Weber, Filip Kuba, Chris Campoli - PP : Chris Campoli - PK : Filip Kuba, Chris Campoli
Penalty Shots
Rick Nash, Mike Richards, Steve Downie, Shea Weber, Phil Kessel

% Time on Ice - Panthers

Lines # - Real PCT - Wanted PCT - Time Play
Normal Forward
1 - 35% - 40% - 18:02
2 - 27% - 30% - 14:06
3 - 18% - 20% - 9:24
4 - 20% - 10% - 10:32
Normal Defense
1 - 39% - 40% - 20:07
2 - 30% - 30% - 15:37
3 - 26% - 20% - 13:32
4 - 5% - 10% - 2:48
PP Forward
1 - 53% - 60% - 1:03
2 - 47% - 40% - 0:56
PP Defense
1 - 61% - 60% - 1:13
2 - 39% - 40% - 0:46
PK Forward
1 - 69% - 60% - 4:07
2 - 31% - 40% - 1:50
PK Defense
1 - 50% - 60% - 2:58
2 - 50% - 40% - 2:59
PK3 Forward
1 - 0% - 60%
2 - 0% - 40%
PK3 Defense
1 - 0% - 60%
2 - 0% - 40%
44 Forward
1 - 0% - 60%
2 - 0% - 40%
44 Defense
1 - 0% - 60%
2 - 0% - 40%
Last Minute Offensive  - 0:00
Last Minute Defensive  - 0:00
Total
Forward - 60:00
Defense - 60:00

% Time on Ice - Red Wings

Lines # - Real PCT - Wanted PCT - Time Play
Normal Forward
1 - 39% - 40% - 20:06
2 - 31% - 30% - 15:58
3 - 20% - 20% - 10:11
4 - 11% - 10% - 5:49
Normal Defense
1 - 40% - 40% - 20:44
2 - 35% - 35% - 18:12
3 - 16% - 15% - 8:09
4 - 10% - 10% - 4:59
PP Forward
1 - 53% - 60% - 3:09
2 - 47% - 40% - 2:48
PP Defense
1 - 49% - 60% - 2:55
2 - 51% - 40% - 3:02
PK Forward
1 - 50% - 50% - 1:00
2 - 50% - 50% - 0:59
PK Defense
1 - 61% - 50% - 1:13
2 - 39% - 50% - 0:46
PK3 Forward
1 - 0% - 60%
2 - 0% - 40%
PK3 Defense
1 - 0% - 50%
2 - 0% - 50%
44 Forward
1 - 0% - 60%
2 - 0% - 40%
44 Defense
1 - 0% - 60%
2 - 0% - 40%
Last Minute Offensive  - 0:00
Last Minute Defensive  - 0:00
Total
Forward - 60:00
Defense - 60:00

Play by Play

1st period


0:01 of 1st period - Sidney Crosby wins face-off versus Phil Kessel in neutral zone.
0:04 of 1st period - Slapshot by Steve Montador.
0:04 of 1st period - Deflect By Sidney Crosby.
0:04 of 1st period - Shot Misses the Net.
0:04 of 1st period - Puck is out of play.
0:05 of 1st period - Sidney Crosby wins face-off versus Mike Richards in Red Wings zone.
0:44 of 1st period - Ole-Kristian Tollefsen is hit by Brendan Smith and loses puck.
1:19 of 1st period - Alex Picard is hit by Alexander Perezhogin and loses puck.
1:43 of 1st period - Off-side.
1:44 of 1st period - Marc Savard wins face-off versus Scott Gomez in neutral zone.
2:38 of 1st period - Slapshot by Jeff Tambellini.
2:38 of 1st period - Stopped by Michal Neuvirth without a rebound.
2:39 of 1st period - Sean Bergenheim wins face-off versus Sergei Samsonov in Red Wings zone.
2:44 of 1st period - Jiri Fischer is hit by Brendan Smith.
3:11 of 1st period - Snap shot by Rick Nash.
3:11 of 1st period - Stopped by Keith Kinkaid with a rebound.
3:13 of 1st period - Slapshot by Filip Kuba.
3:13 of 1st period - Stopped by Keith Kinkaid with a rebound.
3:15 of 1st period - Slapshot by Jiri Fischer.
3:15 of 1st period - Stopped by Keith Kinkaid without a rebound.
3:16 of 1st period - Tyler Johnson wins face-off versus Mike Fisher in Panthers zone.
3:24 of 1st period - Icing by Brendan Smith.
3:25 of 1st period - Mike Fisher wins face-off versus Tyler Johnson in Panthers zone.
3:50 of 1st period - Snap shot by Alexander Perezhogin.
3:50 of 1st period - Stopped by Michal Neuvirth with a rebound.
3:52 of 1st period - Snap shot by Mike Fisher.
3:52 of 1st period - Shot Misses the Net.
3:54 of 1st period - Slapshot by Brendan Smith.
3:54 of 1st period - Shot Blocked by Tim Ramholt.
3:56 of 1st period - Snap shot by Mike Fisher.
3:56 of 1st period - Shot Blocked by Ales Hemsky.
4:02 of 1st period - Wrist shot by Alexander Perezhogin.
4:02 of 1st period - Shot Misses the Net.
4:10 of 1st period - Slapshot by Ryan Bayda.
4:10 of 1st period - Stopped by Michal Neuvirth with a rebound.
4:12 of 1st period - Wrist shot by Alexander Perezhogin.
4:12 of 1st period - Shot Misses the Net.
5:02 of 1st period - Snap shot by Ryan Bayda.
5:02 of 1st period - Shot Misses the Net.
5:04 of 1st period - Snap shot by Brendan Smith.
5:04 of 1st period - Deflect By Ryan Bayda.
5:04 of 1st period - Stopped by Michal Neuvirth without a rebound.
5:05 of 1st period - Sidney Crosby wins face-off versus Rick Nash in Red Wings zone.
5:10 of 1st period - Wrist shot by Sidney Crosby.
5:10 of 1st period - Shot Hit the Post.
5:13 of 1st period - Icing by Ole-Kristian Tollefsen.
5:14 of 1st period - Sidney Crosby wins face-off versus Mike Richards in Red Wings zone.
5:32 of 1st period - Snap shot by Phil Kessel.
5:32 of 1st period - Stopped by Keith Kinkaid without a rebound.
5:33 of 1st period - Marc Savard wins face-off versus Scott Gomez in Panthers zone.
5:58 of 1st period - Snap shot by Jeff Tambellini.
5:58 of 1st period - Shot Blocked by Sean Bergenheim.
6:04 of 1st period - Snap shot by Steve Downie.
6:04 of 1st period - Stopped by Keith Kinkaid without a rebound.
6:05 of 1st period - Mike Richards wins face-off versus Shawn Horcoff in Panthers zone.
7:54 of 1st period - Off-side.
7:55 of 1st period - Mike Brown wins face-off versus Sidney Crosby in neutral zone.
8:04 of 1st period - Wrist shot by Sidney Crosby.
8:04 of 1st period - Deflect By Guillaume Latendresse.
8:04 of 1st period - Shot Misses the Net.
8:04 of 1st period - Puck is out of play.
8:05 of 1st period - Sidney Crosby wins face-off versus Mike Richards in Red Wings zone.
8:09 of 1st period - Minor Penalty to Mike Richards for Hooking.
8:10 of 1st period - Tyler Johnson wins face-off versus Sidney Crosby in Red Wings zone.
10:09 of 1st period - Penalty to Mike Richards is over, Mike Richards is back on ice.
10:40 of 1st period - Brad Stuart is hit by Chris Campoli.
10:44 of 1st period - Tim Ramholt is hit by Nick Schultz and loses puck.
12:17 of 1st period - Keith Aulie is hit by Rick Nash and loses puck.
12:47 of 1st period - Minor Penalty to Steve Montador for Hooking.
12:48 of 1st period - Mike Richards wins face-off versus Sidney Crosby in Panthers zone.
13:17 of 1st period - Sidney Crosby is hit by Steve Downie and loses puck.
13:56 of 1st period - Steve Downie is hit by Scott Gomez and loses puck.
14:05 of 1st period - Scott Gomez is hit by Steve Downie and loses puck.
14:47 of 1st period - Penalty to Steve Montador is over, Steve Montador is back on ice.
15:02 of 1st period - Filip Kuba is hit by Mike Fisher.
16:38 of 1st period - Tyler Johnson is hit by Jeff Tambellini and loses puck.
16:53 of 1st period - Wrist shot by Brendan Smith.
16:53 of 1st period - Shot Misses the Net.
17:26 of 1st period - Snap shot by Marian Hossa.
17:26 of 1st period - Stopped by Michal Neuvirth with a rebound.
17:46 of 1st period - Sean Bergenheim is hit by Loui Eriksson and loses puck.
17:57 of 1st period - Brendan Smith is hit by Adam Henrique.
18:15 of 1st period - Off-side.
18:16 of 1st period - Scott Gomez wins face-off versus Mike Richards in neutral zone.
18:24 of 1st period - Scott Gomez is hit by Rick Nash and loses puck.
19:02 of 1st period - Wrist shot by Sean Bergenheim.
19:02 of 1st period - Stopped by Keith Kinkaid without a rebound.
19:03 of 1st period - Shawn Horcoff wins face-off versus Marc Savard in Panthers zone.
19:03 of 1st period - Shawn Horcoff is hit by Steve Downie.
19:13 of 1st period - Snap shot by Peter Prucha.
19:13 of 1st period - Shot Misses the Net.
19:15 of 1st period - Wrist shot by Peter Prucha.
19:15 of 1st period - Deflect By Jeff Tambellini.
19:15 of 1st period - Stopped by Michal Neuvirth with a rebound.
19:17 of 1st period - Snap shot by Shawn Horcoff.
19:17 of 1st period - Shot Misses the Net.
19:19 of 1st period - Slapshot by Brendan Smith.
19:19 of 1st period - Goal by Brendan Smith - Panthers : 1 - Red Wings : 0.
19:20 of 1st period - Sidney Crosby wins face-off versus Mike Richards in neutral zone.
19:47 of 1st period - Ole-Kristian Tollefsen is hit by Shawn Horcoff and loses puck.
19:56 of 1st period - Snap shot by Jeff Tambellini.
19:56 of 1st period - Stopped by Michal Neuvirth with a rebound.
19:58 of 1st period - Snap shot by Jeff Tambellini.
19:58 of 1st period - Shot Misses the Net.
Goals for this period are 1 for Panthers vs 0 for Red Wings.
Shots for this period are 8 for Panthers vs 6 for Red Wings.

2nd period


0:01 of 2nd period - Mike Richards wins face-off versus Sidney Crosby in neutral zone.
0:08 of 2nd period - Slapshot by Steve Montador.
0:08 of 2nd period - Shot Misses the Net.
0:10 of 2nd period - Snap shot by Guillaume Latendresse.
0:10 of 2nd period - Goal by Guillaume Latendresse - Panthers : 2 - Red Wings : 0.
0:11 of 2nd period - Sidney Crosby wins face-off versus Mike Richards in neutral zone.
0:22 of 2nd period - Snap shot by Guillaume Latendresse.
0:22 of 2nd period - Stopped by Michal Neuvirth without a rebound.
0:23 of 2nd period - Mike Richards wins face-off versus Sidney Crosby in Red Wings zone.
0:28 of 2nd period - Slapshot by Phil Kessel.
0:28 of 2nd period - Goal by Phil Kessel - Panthers : 2 - Red Wings : 1.
0:29 of 2nd period - Mike Richards wins face-off versus Sidney Crosby in neutral zone.
0:40 of 2nd period - Wrist shot by Loui Eriksson.
0:40 of 2nd period - Stopped by Michal Neuvirth without a rebound.
0:41 of 2nd period - Mike Richards wins face-off versus Sidney Crosby in Red Wings zone.
0:41 of 2nd period - Mike Richards is hit by Steve Montador.
0:55 of 2nd period - Snap shot by Rick Nash.
0:55 of 2nd period - Shot Blocked by Loui Eriksson.
0:57 of 2nd period - Slapshot by Shea Weber.
0:57 of 2nd period - Stopped by Keith Kinkaid with a rebound.
2:00 of 2nd period - Slapshot by Sidney Crosby.
2:00 of 2nd period - Shot Misses the Net.
2:28 of 2nd period - Snap shot by Guillaume Latendresse.
2:28 of 2nd period - Shot Blocked by Shea Weber.
2:37 of 2nd period - Off-side.
2:38 of 2nd period - Scott Gomez wins face-off versus Mike Richards in neutral zone.
2:47 of 2nd period - Snap shot by Scott Gomez.
2:47 of 2nd period - Shot Blocked by Filip Kuba.
2:49 of 2nd period - Slapshot by Brendan Smith.
2:49 of 2nd period - Shot Blocked by Filip Kuba.
2:51 of 2nd period - Snap shot by Marian Hossa.
2:51 of 2nd period - Stopped by Michal Neuvirth without a rebound.
2:52 of 2nd period - Scott Gomez wins face-off versus Mike Richards in Red Wings zone.
2:53 of 2nd period - Slapshot by Marian Hossa.
2:53 of 2nd period - Stopped by Michal Neuvirth with a rebound.
2:55 of 2nd period - Wrist shot by Marian Hossa.
2:55 of 2nd period - Goal by Marian Hossa - Panthers : 3 - Red Wings : 1.
2:56 of 2nd period - Mike Richards wins face-off versus Scott Gomez in neutral zone.
3:41 of 2nd period - Icing by Steve Downie.
3:42 of 2nd period - Marc Savard wins face-off versus Mike Fisher in Red Wings zone.
4:09 of 2nd period - Wrist shot by Peter Prucha.
4:09 of 2nd period - Shot Blocked by Filip Kuba.
4:49 of 2nd period - Adam Henrique is hit by Sidney Crosby and loses puck.
5:08 of 2nd period - Alexander Perezhogin is hit by Mike Richards and loses puck.
5:13 of 2nd period - Wrist shot by Phil Kessel.
5:13 of 2nd period - Stopped by Keith Kinkaid without a rebound.
5:14 of 2nd period - Mike Fisher wins face-off versus Rick Nash in Panthers zone.
5:14 of 2nd period - Mike Fisher is hit by Mike Richards.
5:30 of 2nd period - Snap shot by Ryan Bayda.
5:30 of 2nd period - Deflect By Mike Fisher.
5:30 of 2nd period - Shot Misses the Net.
5:30 of 2nd period - Puck is out of play.
5:31 of 2nd period - Marc Savard wins face-off versus Scott Gomez in Red Wings zone.
5:57 of 2nd period - Loui Eriksson is hit by Mike Richards and loses puck.
6:12 of 2nd period - Mike Richards is hit by Steve Montador and loses puck.
6:19 of 2nd period - Steve Montador is hit by Rick Nash and loses puck.
6:40 of 2nd period - Slapshot by Mike Richards.
6:40 of 2nd period - Shot Misses the Net.
6:42 of 2nd period - Slapshot by Mike Richards.
6:42 of 2nd period - Goal by Mike Richards - Panthers : 3 - Red Wings : 2.
6:43 of 2nd period - Marc Savard wins face-off versus Scott Gomez in neutral zone.
7:12 of 2nd period - Icing by Adam Henrique.
7:13 of 2nd period - Shawn Horcoff wins face-off versus Tyler Johnson in Red Wings zone.
7:18 of 2nd period - Wrist shot by Jeff Tambellini.
7:18 of 2nd period - Stopped by Michal Neuvirth with a rebound.
7:20 of 2nd period - Snap shot by Shawn Horcoff.
7:20 of 2nd period - Deflect By Peter Prucha.
7:20 of 2nd period - Shot Misses the Net.
7:20 of 2nd period - Puck is out of play.
7:21 of 2nd period - Mike Richards wins face-off versus Scott Gomez in Red Wings zone.
7:21 of 2nd period - Mike Richards is hit by Steve Montador.
7:41 of 2nd period - Jiri Fischer is hit by Marian Hossa.
8:19 of 2nd period - Wrist shot by Marc Savard.
8:19 of 2nd period - Stopped by Keith Kinkaid with a rebound.
8:21 of 2nd period - Wrist shot by Marc Savard.
8:21 of 2nd period - Shot Misses the Net.
8:23 of 2nd period - Snap shot by Filip Kuba.
8:23 of 2nd period - Deflect By Marc Savard.
8:23 of 2nd period - Stopped by Keith Kinkaid with a rebound.
8:25 of 2nd period - Wrist shot by Marc Savard.
8:25 of 2nd period - Shot Misses the Net.
8:27 of 2nd period - Slapshot by Jiri Fischer.
8:27 of 2nd period - Deflect By Steve Downie.
8:27 of 2nd period - Shot Blocked by Matthew Spiller.
8:27 of 2nd period - Puck is out of play.
8:28 of 2nd period - Scott Gomez wins face-off versus Mike Richards in Panthers zone.
8:55 of 2nd period - Brendan Smith is hit by Nate Thompson and loses puck.
9:00 of 2nd period - Wrist shot by Mike Brown.
9:00 of 2nd period - Stopped by Keith Kinkaid with a rebound.
9:19 of 2nd period - Ales Hemsky is hit by Jeff Tambellini.
9:40 of 2nd period - Wrist shot by Scott Gomez.
9:40 of 2nd period - Shot Misses the Net.
9:42 of 2nd period - Snap shot by Marian Hossa.
9:42 of 2nd period - Stopped by Michal Neuvirth with a rebound.
9:44 of 2nd period - Wrist shot by Marian Hossa.
9:44 of 2nd period - Stopped by Michal Neuvirth without a rebound.
9:45 of 2nd period - Sidney Crosby wins face-off versus Marc Savard in Red Wings zone.
10:12 of 2nd period - Sean Bergenheim is hit by Jeff Tambellini and loses puck.
10:19 of 2nd period - Snap shot by Jeff Tambellini.
10:19 of 2nd period - Shot Blocked by Shea Weber.
10:31 of 2nd period - Wrist shot by Sean Bergenheim.
10:31 of 2nd period - Shot Misses the Net.
10:33 of 2nd period - Wrist shot by Steve Downie.
10:33 of 2nd period - Stopped by Keith Kinkaid with a rebound.
10:35 of 2nd period - Slapshot by Shea Weber.
10:35 of 2nd period - Shot Misses the Net.
10:37 of 2nd period - Slapshot by Ole-Kristian Tollefsen.
10:37 of 2nd period - Stopped by Keith Kinkaid with a rebound.
11:09 of 2nd period - Wrist shot by Shawn Horcoff.
11:09 of 2nd period - Stopped by Michal Neuvirth without a rebound.
11:10 of 2nd period - Scott Gomez wins face-off versus Mike Richards in Red Wings zone.
11:23 of 2nd period - Wrist shot by Phil Kessel.
11:23 of 2nd period - Deflect By Rick Nash.
11:23 of 2nd period - Stopped by Keith Kinkaid without a rebound.
11:24 of 2nd period - Sidney Crosby wins face-off versus Mike Richards in Panthers zone.
11:31 of 2nd period - Slapshot by Mike Richards.
11:31 of 2nd period - Deflect By Phil Kessel.
11:31 of 2nd period - Stopped by Keith Kinkaid without a rebound.
11:32 of 2nd period - Sidney Crosby wins face-off versus Mike Richards in Panthers zone.
11:49 of 2nd period - Loui Eriksson is hit by Shea Weber and loses puck.
11:56 of 2nd period - Snap shot by Mike Richards.
11:56 of 2nd period - Stopped by Keith Kinkaid without a rebound.
11:57 of 2nd period - Tyler Johnson wins face-off versus Scott Gomez in Panthers zone.
12:08 of 2nd period - Snap shot by Adam Henrique.
12:08 of 2nd period - Goal by Adam Henrique - Panthers : 3 - Red Wings : 3.
12:09 of 2nd period - Phil Kessel wins face-off versus Scott Gomez in neutral zone.
13:20 of 2nd period - Slapshot by Rick Nash.
13:20 of 2nd period - Shot Misses the Net.
13:22 of 2nd period - Wrist shot by Rick Nash.
13:22 of 2nd period - Shot Misses the Net.
13:24 of 2nd period - Slapshot by Tim Ramholt.
13:24 of 2nd period - Shot Blocked by Brendan Smith.
13:26 of 2nd period - Backhand shot by Phil Kessel.
13:26 of 2nd period - Shot Misses the Net.
13:28 of 2nd period - Slapshot by Rick Nash.
13:28 of 2nd period - Stopped by Keith Kinkaid without a rebound.
13:29 of 2nd period - Scott Gomez wins face-off versus Marc Savard in Panthers zone.
13:36 of 2nd period - Snap shot by Scott Gomez.
13:36 of 2nd period - Shot Misses the Net.
13:38 of 2nd period - Snap shot by Scott Gomez.
13:38 of 2nd period - Shot Misses the Net.
13:40 of 2nd period - Wrist shot by Sergei Samsonov.
13:40 of 2nd period - Stopped by Michal Neuvirth with a rebound.
13:42 of 2nd period - Snap shot by Nick Schultz.
13:42 of 2nd period - Shot Blocked by Jiri Fischer.
13:44 of 2nd period - Slapshot by Nick Schultz.
13:44 of 2nd period - Deflect By Sean Bergenheim.
13:44 of 2nd period - Stopped by Michal Neuvirth with a rebound.
14:23 of 2nd period - Slapshot by Jiri Fischer.
14:23 of 2nd period - Shot Misses the Net.
14:25 of 2nd period - Wrist shot by Nate Thompson.
14:25 of 2nd period - Shot Blocked by Matthew Spiller.
14:27 of 2nd period - Wrist shot by Mike Brown.
14:27 of 2nd period - Stopped by Keith Kinkaid with a rebound.
14:57 of 2nd period - Wrist shot by Matthew Spiller.
14:57 of 2nd period - Stopped by Michal Neuvirth without a rebound.
14:58 of 2nd period - Tyler Johnson wins face-off versus Scott Gomez in Red Wings zone.
15:44 of 2nd period - Wrist shot by Scott Gomez.
15:44 of 2nd period - Goal by Scott Gomez - Panthers : 4 - Red Wings : 3.
15:45 of 2nd period - Phil Kessel wins face-off versus Sidney Crosby in neutral zone.
15:54 of 2nd period - Slapshot by Mike Richards.
15:54 of 2nd period - Shot Misses the Net.
15:56 of 2nd period - Slapshot by Mike Richards.
15:56 of 2nd period - Shot Misses the Net.
16:12 of 2nd period - Brad Stuart is hit by Steve Downie and loses puck.
16:17 of 2nd period - Slapshot by Marc Savard.
16:17 of 2nd period - Stopped by Keith Kinkaid without a rebound.
16:18 of 2nd period - Marc Savard wins face-off versus Scott Gomez in Panthers zone.
17:23 of 2nd period - Snap shot by Mike Richards.
17:23 of 2nd period - Shot Blocked by Mike Fisher.
17:25 of 2nd period - Wrist shot by Rick Nash.
17:25 of 2nd period - Stopped by Keith Kinkaid with a rebound.
18:33 of 2nd period - Wrist shot by Phil Kessel.
18:33 of 2nd period - Shot Blocked by Brad Stuart.
19:00 of 2nd period - Wrist shot by Mike Fisher.
19:00 of 2nd period - Shot Misses the Net.
19:23 of 2nd period - Icing by Mike Fisher.
19:24 of 2nd period - Marc Savard wins face-off versus Mike Fisher in Panthers zone.
19:49 of 2nd period - Wrist shot by Ryan Bayda.
19:49 of 2nd period - Stopped by Michal Neuvirth with a rebound.
19:51 of 2nd period - Wrist shot by Brad Stuart.
19:51 of 2nd period - Stopped by Michal Neuvirth with a rebound.
19:53 of 2nd period - Snap shot by Mike Fisher.
19:53 of 2nd period - Shot Misses the Net.
19:55 of 2nd period - Wrist shot by Alexander Perezhogin.
19:55 of 2nd period - Deflect By Ryan Bayda.
19:55 of 2nd period - Stopped by Michal Neuvirth without a rebound.
19:56 of 2nd period - Tyler Johnson wins face-off versus Sidney Crosby in Red Wings zone.
Goals for this period are 3 for Panthers vs 3 for Red Wings.
Shots for this period are 17 for Panthers vs 17 for Red Wings.

3rd period


0:01 of 3rd period - Sidney Crosby wins face-off versus Marc Savard in neutral zone.
0:03 of 3rd period - Off-side.
0:04 of 3rd period - Marc Savard wins face-off versus Sidney Crosby in neutral zone.
1:11 of 3rd period - Keith Aulie is hit by Nate Thompson and loses puck.
1:59 of 3rd period - Backhand shot by Mike Richards.
1:59 of 3rd period - Stopped by Keith Kinkaid without a rebound.
2:00 of 3rd period - Mike Richards wins face-off versus Sidney Crosby in Panthers zone.
2:22 of 3rd period - Mike Richards is hit by Scott Gomez and loses puck.
2:31 of 3rd period - Keith Aulie is hit by Rick Nash and loses puck.
2:53 of 3rd period - Wrist shot by Rick Nash.
2:53 of 3rd period - Stopped by Keith Kinkaid with a rebound.
2:58 of 3rd period - Off-side.
2:59 of 3rd period - Marc Savard wins face-off versus Sidney Crosby in neutral zone.
3:01 of 3rd period - Ole-Kristian Tollefsen is hit by Steve Montador and loses puck.
3:36 of 3rd period - Wrist shot by Adam Henrique.
3:36 of 3rd period - Shot Blocked by Brendan Smith.
3:42 of 3rd period - Minor Penalty to Brendan Smith for High sticking.
3:43 of 3rd period - Guillaume Latendresse wins face-off versus Mike Richards in Panthers zone.
3:52 of 3rd period - Slapshot by Shea Weber.
3:52 of 3rd period - Shot Blocked by Matthew Spiller.
5:10 of 3rd period - Icing by Rick Nash.
5:11 of 3rd period - Mike Richards wins face-off versus Ryan Bayda in Red Wings zone.
5:42 of 3rd period - Penalty to Brendan Smith is over, Brendan Smith is back on ice.
5:51 of 3rd period - Snap shot by Jeff Tambellini.
5:51 of 3rd period - Stopped by Michal Neuvirth with a rebound.
7:24 of 3rd period - Wrist shot by Sergei Samsonov.
7:24 of 3rd period - Shot Misses the Net.
7:26 of 3rd period - Wrist shot by Marian Hossa.
7:26 of 3rd period - Stopped by Michal Neuvirth without a rebound.
7:27 of 3rd period - Nate Thompson wins face-off versus Sidney Crosby in Red Wings zone.
7:54 of 3rd period - Steve Montador is hit by Sean Bergenheim and loses puck.
8:01 of 3rd period - Snap shot by Sean Bergenheim.
8:01 of 3rd period - Shot Misses the Net.
8:03 of 3rd period - Slapshot by Filip Kuba.
8:03 of 3rd period - Stopped by Keith Kinkaid with a rebound.
9:17 of 3rd period - Snap shot by Steve Downie.
9:17 of 3rd period - Shot Misses the Net.
9:19 of 3rd period - Slapshot by Marc Savard.
9:19 of 3rd period - Deflect By Sean Bergenheim.
9:19 of 3rd period - Shot Misses the Net.
9:19 of 3rd period - Puck is out of play.
9:20 of 3rd period - Sidney Crosby wins face-off versus Marc Savard in Panthers zone.
9:33 of 3rd period - Wrist shot by Loui Eriksson.
9:33 of 3rd period - Shot Blocked by Tim Ramholt.
9:35 of 3rd period - Wrist shot by Guillaume Latendresse.
9:35 of 3rd period - Goal by Guillaume Latendresse - Panthers : 5 - Red Wings : 3.
9:36 of 3rd period - Sidney Crosby wins face-off versus Mike Richards in neutral zone.
9:45 of 3rd period - Wrist shot by Mike Richards.
9:45 of 3rd period - Stopped by Keith Kinkaid without a rebound.
9:46 of 3rd period - Sidney Crosby wins face-off versus Mike Richards in Panthers zone.
10:05 of 3rd period - Wrist shot by Rick Nash.
10:05 of 3rd period - Shot Misses the Net.
10:07 of 3rd period - Snap shot by Rick Nash.
10:07 of 3rd period - Stopped by Keith Kinkaid with a rebound.
10:33 of 3rd period - Slapshot by Shea Weber.
10:33 of 3rd period - Shot Blocked by Steve Montador.
11:44 of 3rd period - Slapshot by Phil Kessel.
11:44 of 3rd period - Shot Misses the Net.
11:46 of 3rd period - Snap shot by Ole-Kristian Tollefsen.
11:46 of 3rd period - Stopped by Keith Kinkaid with a rebound.
11:48 of 3rd period - Slapshot by Ole-Kristian Tollefsen.
11:48 of 3rd period - Stopped by Keith Kinkaid without a rebound.
11:49 of 3rd period - Marc Savard wins face-off versus Scott Gomez in Panthers zone.
11:56 of 3rd period - Keith Aulie is hit by Marc Savard and loses puck.
12:05 of 3rd period - Snap shot by Marc Savard.
12:05 of 3rd period - Stopped by Keith Kinkaid without a rebound.
12:06 of 3rd period - Shawn Horcoff wins face-off versus Tyler Johnson in Panthers zone.
12:08 of 3rd period - Minor Penalty to Peter Prucha for Hooking.
12:09 of 3rd period - Marc Savard wins face-off versus Scott Gomez in Panthers zone.
12:17 of 3rd period - Snap shot by Marc Savard.
12:17 of 3rd period - Shot Blocked by Scott Gomez.
12:19 of 3rd period - Slapshot by Filip Kuba.
12:19 of 3rd period - Deflect By Sergei Samsonov.
12:19 of 3rd period - Stopped by Keith Kinkaid with a rebound.
12:35 of 3rd period - Tyler Johnson is hit by Matthew Spiller and loses puck.
13:33 of 3rd period - Brendan Smith is hit by Ales Hemsky and loses puck.
14:04 of 3rd period - Tyler Johnson is hit by Keith Aulie and loses puck.
14:08 of 3rd period - Penalty to Peter Prucha is over, Peter Prucha is back on ice.
14:21 of 3rd period - Nate Thompson is hit by Alexander Perezhogin and loses puck.
19:51 of 3rd period - Ole-Kristian Tollefsen is hit by Sidney Crosby and loses puck.
Goals for this period are 1 for Panthers vs 0 for Red Wings.
Shots for this period are 3 for Panthers vs 9 for Red Wings.